 Dungeon Crawl Stone Soup version 0.27.1-33-g824d729ab1 (webtiles) character file.

Game seed: 16895731489987141527

457 pkoi the Grasshopper (level 6, 0/48 HPs)
             Began as a Draconian Warper on Dec 6, 2021.
             Was an Initiate of Gozag.
             Slain by an ogre (10 damage)
             ... on level 4 of the Dungeon.
             The game lasted 00:04:45 (5398 turns).

pkoi the Grasshopper (Draconian Warper)             Turns: 5398, Time: 00:04:45

Health: 0/48       AC:  9    Str: 14    XL:     6   Next: 77%
Magic:  11/11      EV: 12    Int: 15    God:    Gozag
Gold:   305        SH:  0    Dex: 10    Spells: 7/12 levels left

rFire    . . .     SeeInvis .     - Unarmed
rCold    . . .     Faith    .   (no shield)
rNeg     . . .     Spirit   .   (armour unavailable)
rPois    .         Reflect  .   (helmet restricted)
rElec    .         Harm     .   k - +0 cloak
rCorr    .         Rampage  .   p - +1 pair of gloves
Will     .....                  (no boots)
Stlth    +.........             (no amulet)
HPRegen  0.16/turn              (no ring)
MPRegen  0.12/turn              (no ring)

@: no status effects
A: AC +6, unfitting armour, cold-blooded
a: Renounce Religion, Potion Petition, Call Merchant, Bribe Branch


You were on level 4 of the Dungeon.
You worshipped Gozag.
Gozag was aware of your devotion.
You visited 1 branch of the dungeon, and saw 4 of its levels.

You collected 341 gold pieces.
You paid 36 gold pieces to Gozag.

Inventory:

Hand Weapons
 h - a +2 dagger of speed
Missiles
 b - 5 boomerangs of dispersal (quivered)
 c - 5 poisoned darts
 f - 5 curare-tipped darts
 g - a throwing net
Armour
 k - a +0 cloak (worn)
 p - a +1 pair of gloves (worn)
Scrolls
 a - a scroll of blinking
 d - a scroll of immolation {unknown}
 i - a scroll of teleportation
 m - a scroll of brand weapon {unknown}
 n - 2 scrolls of noise {unknown}
 q - a scroll of torment {unknown}
Potions
 e - a potion of ambrosia
 j - a potion of mutation
 l - a potion of brilliance
 o - a potion of curing


   Skills:
 - Level 2.1 Fighting
 - Level 0.8 Throwing
 - Level 2.1 Dodging
 + Level 4.8 Unarmed Combat
 + Level 3.8 Spellcasting
 + Level 5.1 Translocations


You had 7 spell levels left.
You knew the following spells:

 Your Spells              Type           Power      Damage    Failure   Level
a - Blink                 Tloc           N/A        N/A       3%          2
b - Gell's Gravitas       Tloc           9%         N/A       7%          3

Your spell library contained the following spells:

 Spells                   Type           Power      Damage    Failure   Level
 Lesser Beckoning         Tloc           9%         N/A       7%          3
 Teleport Other           Tloc           18%        N/A       7%          3
 Manifold Assault         Tloc           18%        N/A       54%         5


Dungeon Overview and Level Annotations

Branches:
Dungeon (4/15)             Temple (0/1) D:4

Altars:
Ashenzari
Cheibriados
Elyvilon
Gozag
Qazlal


Innate Abilities, Weirdness & Mutations

Your plain brown scales are hard. (AC +6)
You cannot fit into any form of body armour.
You are cold-blooded and may be slowed by cold attacks.


Message History

Your Translocations skill increases to level 5!
You smack the iguana!
Your punch misses the iguana.
The iguana is severely wounded.
The iguana bites you but does no damage.
You hit the iguana.
The iguana is severely wounded.
The iguana bites you but does no damage.
You pummel the iguana!!
You kill the iguana!
You swing at nothing.
You start resting.
Your transformation is almost over.
You start resting.
You feel less wooden.
Your +0 cloak unmelds from your body.
Your +1 pair of gloves unmelds from your body.
You start resting.
HP restored.
You now have 305 gold pieces (gained 22).
You see here a +0 giant club.
An ogre comes into view. It is wielding a +0 giant spiked club.
An ogre is nearby!
An ogre is nearby!
An ogre is nearby!
You see here a potion of curing.
o - a potion of curing The ogre hits you with a +0 giant spiked club!!
You barely miss the ogre.
The ogre hits you with a +0 giant spiked club!!
* * * LOW HITPOINT WARNING * * *
You hit the ogre.
The ogre is lightly wounded.
You hit the ogre. You tail-slap the ogre.
The ogre is moderately wounded.
The ogre closely misses you.
You hit the ogre but do no damage.
The ogre is moderately wounded.
The ogre hits you with a +0 giant spiked club!
You die...
Your body crumbles into a pile of gold.

### #### .. ..# ###.#
#.######## ....#
##########.........
##..###........O@.#
..................#
...^#...#########.#
.........# #.#
##.#...<.########.#
#.>..............######
#<#.....###...........#
#.#.....# #.####.####.#
#..##...###.####.#


You could see an ogre.

Vanquished Creatures
  A black bear (D:4)
  An ogre (D:4)
  A phantom (D:4)
  A hound (D:4)
  An iguana (D:4)
  A hound skeleton (D:4)
  5 adders
  2 adder skeletons (D:4)
  3 dart slugs
  6 orcs
  5 ball pythons
  3 endoplasms
  3 giant cockroaches
  4 goblins
  8 hobgoblins
  4 quokkas
  7 bats
  3 frilled lizards
  5 kobolds
  9 rats
73 creatures vanquished.

Vanquished Creatures (others)
  A butterfly (D:3)
1 creature vanquished.

Grand Total: 74 creatures vanquished

Notes
Turn   | Place    | Note
-------+----------+-------------------------------------------
     0 | D:1      | pkoi the Draconian Warper began the quest for the Orb.
     0 | D:1      | Reached XP level 1. HP: 17/17 MP: 3/3
   405 | D:1      | Reached XP level 2. HP: 24/24 MP: 5/5
   687 | D:1      | Found a faded altar of an unknown god.
  1488 | D:2      | Reached XP level 3. HP: 13/29 MP: 6/6
  1964 | D:2      | Learned a level 2 spell: Blink
  1968 | D:2      | Learned a level 3 spell: Gell's Gravitas
  2527 | D:3      | Found a white marble altar of Elyvilon.
  2537 | D:3      | Reached XP level 4. HP: 34/36 MP: 7/7
  3191 | D:3      | Found an opulent altar of Gozag.
  3199 | D:3      | Became a worshipper of Gozag Ym Sagoz the Greedy
  3488 | D:3      | Found a snail-covered altar of Cheibriados.
  3853 | D:4      | Reached skill level 4 in Translocations
  3868 | D:4      | Noticed a phantom
  3907 | D:4      | Found a stormy altar of Qazlal.
  3918 | D:4      | Killed a phantom
  3919 | D:4      | Reached XP level 5. HP: 13/41 MP: 7/9
  4407 | D:4      | Noticed a black bear
  4430 | D:4      | Killed a black bear
  4431 | D:4      | Reached XP level 6. HP: 17/48 MP: 9/11
  4703 | D:4      | Found a broken altar of Ashenzari.
  4707 | D:4      | Saw a vision of the Shoals and the Spider Nest.
  4707 | D:4      | Noticed a wolf spider
  4707 | D:4      | Noticed a wolf spider
  4707 | D:4      | Noticed a wolf spider
  4707 | D:4      | Noticed a wolf spider
  4707 | D:4      | Noticed a sea snake
  4707 | D:4      | Noticed a merfolk
  4707 | D:4      | Noticed a sea snake
  4707 | D:4      | Noticed a sea snake
  4707 | D:4      | Noticed a wind drake
  4707 | D:4      | Noticed a wolf spider
  4708 | D:4      | Noticed a sea snake
  4708 | D:4      | Noticed a merfolk
  4714 | D:4      | Noticed a wolf spider
  4884 | D:4      | Found a staircase to the Ecumenical Temple.
  5338 | D:4      | Reached skill level 5 in Translocations
  5398 | D:4      | Slain by an ogre

Illustrated notes

Levels and vault maps discovered:
D:1:      ncdulo_halloftheorcs, layout_loops_corners,
          shapermc_ecumenical_altar_mp_ritualfount
D:2:      layout_basic, kennysheep_generic_room_13
D:3:      layout_basic, grunt_gozag_breadcrumbs,
          nicolae_elyvilon_peaceful_grove, mainiacjoe_overflow_brackets,
          st_stairs_10
D:4:      layout_loops_ring, grunt_ashenzari_visionary
          [grunt_ashenzari_visionary_shoals, grunt_ashenzari_visionary_spider],
          nicolae_qazlal_general_emergency, minmay_temple_entry_glassed_door,
          ebering_ghost_reflecting_pool, kennysheep_boxes

Skill      XL: |  1  2  3  4  5  6 |
---------------+-------------------+-----
Unarmed Combat | 3 4 |  4.8
Translocations | 4 5 |  5.1
Spellcasting   | 3 |  3.8
Fighting       | |  2.1
Throwing       | |  0.8
Dodging        | |  2.1

Action                   |  1- 3 |  4- 6 || total
-------------------------+-------+-------++-------
Melee: Unarmed           |   153 |   261 ||   414
       Tailslap          |    11 |    28 ||    39
       Punch             |     3 |     2 ||     5
  Use: Potion            |     2 |     5 ||     7
       Scroll            |       |     6 ||     6
 Stab: Distracted        |       |     1 ||     1
Armor: Skin              |    46 |    90 ||   136
Dodge: Dodged            |    90 |   165 ||   255
